 Dungeon Crawl Stone Soup version 0.31.0-32-g396128a36d (webtiles) character file.

Game seed: 10065273284447507647

128 gohu the Magician (level 5, 0/35 HPs)
             Began as a Djinni Fire Elementalist on Mar 13, 2024.
             Slain by an orc wizard
             ... wielding a +1 dagger of venom
              (3 damage)
             ... on level 2 of the Dungeon.
             The game lasted 00:04:21 (2004 turns).

gohu the Magician (Djinni Fire Elementalist)        Turns: 2004, Time: 00:04:21

Health: 0/35       AC:  6    Str:  7    XL:     5   Next: 34%
Gold:   71         EV: 12    Int: 18    God:
                   SH:  0    Dex: 14

rFire   + . .        (no weapon)
rCold   . . .        (no shield)
rNeg    . . .        a - +0 robe
rPois   ∞            p - +0 helmet
rElec   .            m - +2 cloak
rCorr   .            (no gloves)
SInv    .            (boots unavailable)
Will    .....        (no amulet)
Stlth   ++           g - ring of ice
HPRegen 0.25/turn    (no ring)
MPRegen 0.00/turn

%: infuse magic (-1 HP)
@: flying
A: sickness immunity, fire resistance 2, cold vulnerability 1, float, innate
caster, HP casting, extra vitality 1
a: no special abilities


You were on level 2 of the Dungeon.
You visited 1 branch of the dungeon, and saw 3 of its levels.

You collected 120 gold pieces.
You spent 49 gold pieces at shops.

Inventory:

Hand Weapons
 n - a +0 club
Armour
 a - a +0 robe (worn)
 b - a +0 cloak
 m - a +2 cloak (worn)
 o - a +0 animal skin
 p - a +0 helmet (worn)
Jewellery
 g - a ring of ice (left hand)
Scrolls
 e - a scroll of blinking {unknown}
 f - a scroll of teleportation {unknown}
 h - a scroll of revelation {unknown}
 k - a scroll of fear {unknown}
Potions
 c - a potion of heal wounds {unknown}
 d - a potion of invisibility {unknown}
 i - a potion of resistance {unknown}
 j - 2 potions of berserk rage {unknown}
 l - a potion of curing {unknown}


   Skills:
 - Level 2.1 Dodging
 - Level 1.5 Stealth
 * Level 4.8 Spellcasting
 * Level 4.8 Conjurations
 * Level 4.8 Hexes
   Level 0.0 Charms
 * Level 4.8 Summonings
 * Level 4.8 Necromancy
 * Level 4.8 Translocations
   Level 0.0 Transmutations
 * Level 4.8 Fire Magic
 * Level 4.8 Ice Magic
 * Level 4.8 Air Magic
 * Level 4.8 Earth Magic
 * Level 4.8 Alchemy


You knew the following spells:

 Your Spells              Type           Power      Damage    Failure   Level
a - Foxfire               Conj/Fire      84%        2x1d8     1%          1
b - Scorch                Fire           42%        2d6       2%          2
c - Volatile Blastmotes   Fire/Tloc      42%        2d13      5%          3
d - Inner Flame           Hex/Fire       21%        N/A       5%          3
e - Flame Wave            Conj/Fire      21%        2d8       19%         4
f - Sting                 Conj/Alch      84%        1d8       1%          1
g - Mercury Vapours       Alch/Air       42%        N/A       2%          2
Your spell library was empty.

Dungeon Overview and Level Annotations

Branches:
Dungeon (3/15)

Altars:
Xom

Shops:
D:1 (*[


Innate Abilities, Weirdness & Mutations

You are immune to sickness and miasma.
You are immune to poison.
Your flesh is very heat resistant. (rF++)
You are vulnerable to cold. (rC-)
You float through the air rather than walking.
You learn spells naturally, not from books.
Your magical power is your life essence.
You have superior vitality. (+4 MHP)


Message History

The orc barely misses you. Something barely misses you.
Casting: Scorch (safe; 2% risk of failure)
Confirm with . or Enter, or press ? or * to list all spells.
Flames lash the orc but do no damage.
The orc hits you with a +0 whip.
You hear some strange, mumbled words.
You are confused.
The orc is no longer more vulnerable to fire.
Something hits you but does no damage. The orc hits you but does no damage.
You're too confused to cast spells.
You bump into the rock wall.
The orc misses you.
You hear some strange, mumbled words.
Something tries to affect you, but you resist.
You barely miss the orc.
The orc is almost dead.
The orc completely misses you. Something hits you but does no damage.
You hit something but do no damage. The orc hits you with a +0 whip.
Something hits you but does no damage. Something hits you but does no damage.
The orc hits you with a +0 whip.
You feel less confused. Something hits you but does no damage.
Casting: Scorch (safe; 2% risk of failure)
Confirm with . or Enter, or press ? or * to list all spells.
Flames lash the orc but do no damage.
Something hits you. The orc closely misses you.
Something hits you but does no damage.
Casting: Scorch (safe; 2% risk of failure)
Confirm with . or Enter, or press ? or * to list all spells.
Flames lash something.
* * * LOW HITPOINT WARNING * * *
The orc hits you with a +0 whip.
* * * LOW HITPOINT WARNING * * *
Something hits you but does no damage. The orc closely misses you.
Something hits you.
* * * LOW HITPOINT WARNING * * *
Casting: Scorch (safe; 2% risk of failure)
Confirm with . or Enter, or press ? or * to list all spells.
Flames lash the orc.
You kill the orc!
* * * LOW HITPOINT WARNING * * *
Something hits you.
You die...

#..........#
#.#
#.##########
###.# #.# #####
#....
#.##########
#)..# #....
#........>.#
#...# #....
######.....#
#...# #....
#.....# ##)##
#.... #..){.#
#.## ###.#
####@## ##.#
###.# #.# #.##
#.... #.# ##.#
#.... #.# ##.##
#.... #.#
##...# #....
#.# #....#
#.... #.#
#....# #....
#.#####....#
##...
####.#.......##
#...


There were no monsters in sight!

Vanquished Creatures
  Crazy Yiuf (D:2)
  Natasha (twice) (D:2)
  Robin (D:2)
  2 orcs
  An endoplasm (D:1)
  2 giant cockroaches
  12 goblins
  6 hobgoblins
  A quokka (D:1)
  3 bats
  A frilled lizard (D:1)
  3 kobolds (D:1)
  2 rats (D:1)
37 creatures vanquished.

Vanquished Creatures (collateral kills)
  A foxfire (D:1)
1 creature vanquished.

Vanquished Creatures (others)
  106 foxfires
106 creatures vanquished.

Grand Total: 144 creatures vanquished

Notes
Turn   | Place    | Note
-------+----------+-------------------------------------------
     0 | D:1      | gohu the Djinni Fire Elementalist began the quest for the
                  | Orb.
     0 | D:1      | gohu set off with the following spells memorised: Foxfire,
                  | Scorch, Volatile Blastmotes, Inner Flame, Flame Wave.
     0 | D:1      | Reached XP level 1. HP: 15/15 MP: 0/0
     5 | D:1      | Found Rac Veam's Weapon Shoppe.
    66 | D:1      | Found Puicohud's Antique Armour Shoppe.
   168 | D:1      | Found Xaneog's General Store.
   179 | D:1      | Bought a +0 cloak for 49 gold pieces
   199 | D:1      | Reached XP level 2. HP: 20/21 MP: 0/0
   920 | D:2      | Noticed Natasha
   927 | D:2      | Killed Natasha
   928 | D:2      | Reached XP level 3. HP: 20/25 MP: 0/0
   928 | D:2      | Learned a level 1 spell: Sting
  1052 | D:2      | Found a shimmering altar of Xom.
  1058 | D:2      | Noticed Robin
  1071 | D:2      | Reached XP level 4. HP: 4/31 MP: 0/0
  1416 | D:2      | Noticed Natasha
  1435 | D:2      | Killed Natasha
  1759 | D:2      | Found a runed translucent door.
  1764 | D:2      | Noticed Crazy Yiuf
  1774 | D:2      | Killed Crazy Yiuf
  1775 | D:2      | Reached XP level 5. HP: 8/35 MP: 0/0
  1775 | D:2      | Learned a level 2 spell: Mercury Vapours
  1903 | D:2      | Killed Robin
  2004 | D:2      | Slain by an orc wizard

Illustrated notes

Levels and vault maps discovered:
D:1:      mrwooster_arrival_statue, layout_loops_ring, serial_shops, shop, shop,
          shop, serial_forest, infiniplex_forest_lined_2,
          infiniplex_forest_straight_2, infiniplex_forest_straight_2,
          infiniplex_forest_side_room, infiniplex_forest_lined_2,
          infiniplex_forest_clump_C, infiniplex_forest_corner_1
D:2:      layout_basic, basic_altar, dreamdust_wishing_well, uniq_terence,
          uniq_natasha, uniq_robin, uniq_crazy_yiuf_cottage
D:3:      layout_basic, hangedman_decor_lopped

Skill      XL: |  1  2 |
---------------+-------+-----
Spellcasting   | 4 |  4.8
Conjurations   | 4 |  4.8
Hexes          | 4 |  4.8
Summonings     | 4 |  4.8
Necromancy     | 4 |  4.8
Translocations | 4 |  4.8
Fire Magic     | 4 |  4.8
Ice Magic      | 4 |  4.8
Air Magic      | 4 |  4.8
Earth Magic    | 4 |  4.8
Alchemy        | 4 |  4.8
Dodging        | |  2.1
Stealth        | |  1.5

Action                     |  1- 3 |  4- 6 || total
---------------------------+-------+-------++-------
  Melee: Unarmed           |       |     2 ||     2
   Cast: Foxfire           |    41 |    24 ||    65
         Scorch            |     4 |    16 ||    20
 Armour: Robe              |    10 |    29 ||    39
  Dodge: Dodged            |     9 |    14 ||    23
